 Dungeon Crawl Stone Soup version 0.23-a0-642-g3120c2f5a9 (webtiles) character file.

145 Adamkad1 the Skirmisher (level 5, 0/42 HPs)
             Began as a Formicid Abyssal Knight on Dec 31, 2018.
             Was a Priest of Lugonu.
             Killed by nerve-wracking pain
             ... invoked by Grinder
              (5 damage)
             ... on level 3 of the Dungeon.
             The game lasted 00:04:52 (3382 turns).

Adamkad1 the Skirmisher (Formicid Abyssal Knight)   Turns: 3382, Time: 00:04:53

Health: 0/42       AC:  4    Str: 18    XL:     5   Next: 53%
Magic:  7/7        EV: 11    Int: 11    God:    Lugonu [***...]
Gold:   132        SH:  0    Dex: 10    Spells: 4/4 levels left

rFire    + . .     SeeInvis +   a - +1 mace
rCold    + . .     Gourm    .   (no shield)
rNeg     + . .     Faith    .   b - +0 leather armour
rPois    +         Spirit   .   (helmet unavailable)
rElec    +         Reflect  .   (no cloak)
rCorr    +         Harm     .   j - +0 pair of gloves
MR       .....                  (no boots)
Stlth    ..........             (no amulet)
HPRegen  0.14/turn              g - ring of positive energy
MPRegen  0.10/turn              i - ring of attention (curse)

@: resistant (expiring), very slightly contaminated, invisible
A: permanent stasis, dig shafts and tunnels, four strong arms, antennae 3
a: Dig, Shaft Self, Depart the Abyss, Bend Space, Banish, Renounce Religion


You were on level 3 of the Dungeon.
You worshipped Lugonu.
Lugonu was most pleased with you.
You were not hungry.

You visited 1 branch of the dungeon, and saw 3 of its levels.
You visited the Abyss 1 time.

You collected 132 gold pieces.

Inventory:

Hand Weapons
 a - a +1 mace (weapon)
 t - a +0 hunting sling
Missiles
 u - 46 stones (quivered)
Armour
 b - a +0 leather armour (worn)
 j - a +0 pair of gloves (worn)
Jewellery
 g - a ring of positive energy (left hand)
 i - a cursed ring of attention (right hand)
Scrolls
 e - 4 scrolls of identify {unknown}
 h - a scroll of immolation {unknown}
 l - a scroll of magic mapping {unknown}
 m - a scroll of amnesia {unknown}
 n - a scroll of random uselessness {unknown}
 q - a scroll of teleportation {unknown}
 s - a scroll of remove curse {unknown}
Potions
 d - 2 potions of curing
Comestibles
 c - 2 rations
 v - a chunk of flesh


   Skills:
 + Level 4.1 Fighting
 + Level 2.6 Maces & Flails
 + Level 0.6 Slings
 + Level 3.5 Armour
 - Level 1.4 Dodging
 * Level 3.6 Invocations


You had 4 spell levels left.
You didn't know any spells.
Your spell library was empty.

Dungeon Overview and Level Annotations

Branches:
Dungeon (3/15)

Altars:
Hepliaklqana
Sif Muna
Vehumet

Annotations:
D:3 Grinder


Innate Abilities, Weirdness & Mutations

You cannot be hasted, slowed, berserked, paralysed or teleported.
You can dig through walls and to a lower floor.
Your four strong arms can wield two-handed weapons with a shield.
You have a pair of large antennae on your head. (SInv)


Message History

Grinder hits you but does no damage. The worm bites you.
You completely miss Grinder.
Grinder is severely wounded.
Grinder hits you!
* * * LOW HITPOINT WARNING * * *
You writhe in agony.
* * * LOW HITPOINT WARNING * * *
Grinder hits you.
* * * LOW HITPOINT WARNING * * *
You writhe in agony.
* * * LOW HITPOINT WARNING * * *
Unknown command.
You hit Grinder.
Grinder is almost dead.
You start to feel less resistant.
Grinder blinks!
The worm misses you.
Unknown command.
Grinder gestures at you. Pain shoots through your body!
You die...

...O. ########## .....
#....#... ..... #....#.#######
..... .. +........>...# .....
..##+#####......##.##.# .....
.........####...##.# .#
##########.......####..###.# .#
..............w..+.........# .#
..............).@####.#..#.##.#
.#########...5.[.####.......#.#
.# #.)...........#.#..#.###
'##### #......).....<....)<....
.....#
######....#####รท#...####
.....# #..................
.....# #.#.#.####....#####
.....# #.#...# ........ .....#
#.#####........##


You could see Grinder and a worm.

Vanquished Creatures
  6 adders
  3 worms
  3 dart slugs
  3 leopard geckos
  5 orcs (D:3)
  3 giant cockroaches
  7 goblins
  7 hobgoblins
  4 jackals (D:1)
  10 kobolds
  2 quokkas
  A ball python (D:1)
  9 bats
  3 frilled lizards
  3 rats
69 creatures vanquished.

Notes
Turn   | Place    | Note
-------+----------+-------------------------------------------
     0 | Abyss:1  | Adamkad1 the Formicid Abyssal Knight began the quest for
                  | the Orb.
     0 | Abyss:1  | Reached XP level 1. HP: 18/18 MP: 2/2
    12 | D:1      | Escaped the Abyss
   110 | D:1      | Reached skill level 1 in Dodging
   113 | D:1      | Reached XP level 2. HP: 4/24 MP: 3/3
   504 | D:1      | Reached XP level 3. HP: 12/29 MP: 3/5
   872 | D:1      | Reached ** piety under Lugonu
  1525 | D:2      | Found a radiant altar of Vehumet.
  1580 | D:2      | Found a hazy altar of Hepliaklqana.
  1672 | D:2      | Found a deep blue altar of Sif Muna.
  1708 | D:2      | Reached XP level 4. HP: 35/37 MP: 6/6
  2088 | D:2      | Reached skill level 4 in Fighting
  2190 | D:2      | Reached XP level 5. HP: 38/42 MP: 7/7
  2634 | D:3      | Noticed Grinder
  2858 | D:3      | Reached *** piety under Lugonu
  3240 | D:3      | Noticed an ogre
  3382 | D:3      | Killed from afar by Grinder

Vault maps used:
D:1:      dpeg_arrival_renting
D:2:      overflow_temple_1_default, lemuel_crystal_altar, lemuel_round_altar
D:3:      lemuel_zombie_altar_yredelemnul, first_ration, uniq_natasha,
          uniq_grinder

Skill      XL: |  1  2  3  4 |
---------------+-------------+-----
Dodging        | 1 |  1.4
Invocations    | 3 |  3.6
Armour         | 3 |  3.5
Fighting       | 4 |  4.1
Maces & Flails | |  2.6
Slings         | |  0.6

Action                   |  1- 3 |  4- 6 || total
-------------------------+-------+-------++-------
Melee: Mace              |   110 |   121 ||   231
Invok: Bend Space        |       |     1 ||     1
  Use: Potion            |       |     6 ||     6
 Stab: Invisible         |       |     1 ||     1
  Eat: Chunk             |     3 |     5 ||     8
Armor: Leather armour    |    48 |    41 ||    89
       Skin              |       |     7 ||     7
Dodge: Dodged            |   108 |    77 ||   185

Table legend:
 A = Non-vault XP
 B = Vault XP
 C = Vault XP percentage of total XP
 D = Non-vault monster count
 E = Vault monster count
 F = Vault count percentage of total count
                 A         B        C        D         E       F
            +---------+---------+-------+---------+---------+-------
      Total |     208 |       0 |   0.0 |      69 |       0 |   0.0
            +---------+---------+-------+---------+---------+-------
        D:1 |      42 |       0 |   0.0 |      22 |       0 |   0.0
        D:2 |     120 |       0 |   0.0 |      32 |       0 |   0.0
        D:3 |      46 |       0 |   0.0 |      15 |       0 |   0.0
            +---------+---------+-------+---------+---------+-------
